[Event "Titled Tuesday Blitz August 31 2021"]
[White "Maghsoodloo, Parham"]
[Black "Shubenkova, Veronika"]
[WhiteFideId "12539929"]
[BlackFideId "44124040"]
[WhiteElo "2601"]
[BlackElo "1882"]
[Result "1-0"]
[Round "06"]
[TimeControl "180+1"]
[Date "2021.08.31"]
[WhiteClock "0:01:56"]
[BlackClock "0:02:10"]

1. e4 e6 2. d4 d5 3. e5 c5 4. c3 Nc6 5. Nf3 cxd4 6. cxd4 Nge7 7. Bd3 Ng6 8. h4 Qb6 9. h5 Nge7 10. Nc3 Bd7 11. O-O Nxd4 12. Nxd4 Qxd4 13. Qe2 a6 14. Be3 Qxe5 15. f4 Qd6 16. Rad1 Nc6 17. f5 d4 18. Bf4 Qc5 19. Ne4 Qd5 20. h6 gxh6 21. Nf6+ Kd8 22. Nxd5 exd5 23. Qf3 1-0


[Site "https://www.chess.com"]

[Event "Titled Tuesday Blitz August 31 2021"]
[White "Maksimovic, Bojan"]
[Black "Khabinets, Ivan"]
[WhiteFideId "14408120"]
[BlackFideId "14115980"]
[WhiteElo "2439"]
[BlackElo "2114"]
[Result "1-0"]
[Round "06"]
[TimeControl "180+1"]
[Date "2021.08.31"]
[WhiteClock "0:02:39"]
[BlackClock "0:02:00"]

1. g3 d5 2. Bg2 g6 3. d3 Bg7 4. Nd2 e5 5. e4 Ne7 6. Ngf3 O-O 7. O-O Nbc6 8. c3 h6 9. Re1 Re8 10. Qc2 a5 11. b3 d4 12. c4 Bd7 13. h3 a4 14. Ba3 axb3 15. axb3 Kh7 16. b4 b6 17. b5 Na5 18. Bb4 Nb7 19. Kh2 Bf8 20. Nxe5 1-0


[Site "https://www.chess.com"]

[Event "Titled Tuesday Blitz August 31 2021"]
[White "Maly, Alexey"]
[Black "Girinath, P.D.S."]
[WhiteFideId "14103184"]
[BlackFideId "5000572"]
[WhiteElo "2250"]
[BlackElo "2333"]
[Result "1-0"]
[Round "06"]
[TimeControl "180+1"]
[Date "2021.08.31"]
[WhiteClock "0:00:14"]
[BlackClock "0:00:08"]

1. d4 e6 2. c4 f5 3. Nf3 Nf6 4. g3 Be7 5. Bg2 O-O 6. O-O a5 7. Nc3 d6 8. b3 Qe8 9. Bb2 Qh5 10. Qd3 Nc6 11. a3 e5 12. dxe5 dxe5 13. Nd5 e4 14. Qe3 Ng4 15. Nxe7+ Nxe7 16. Qg5 Qxg5 17. Nxg5 h6 18. Nh3 g5 19. Rad1 Nc6 20. Bc1 Be6 21. f3 Nf6 22. Nf2 exf3 23. exf3 a4 24. Rfe1 Bf7 25. b4 Bxc4 26. f4 g4 27. Bb2 Rae8 28. Rxe8 Nxe8 29. Nd3 Bxd3 30. Rxd3 Nd6 31. Bd5+ Kh7 32. Bxc6 bxc6 33. Rc3 Re8 34. Rxc6 Re2 35. Rxc7+ Kg6 36. Rc6 Rxb2 37. Rxd6+ Kh5 38. Rd5 Kg6 39. Ra5 Rb1+ 40. Kg2 Rb2+ 41. Kg1 h5 42. Ra6+ Kg7 43. Rxa4 h4 44. gxh4 Kg6 45. Ra5 Ra2 46. h5+ Kxh5 47. Rxf5+ Kh4 48. Rf8 Ra1+ 49. Kf2 Ra2+ 50. Ke3 Rxa3+ 51. Ke4 Kh3 52. Rh8+ Kg2 53. f5 Kf2 54. Kf4 Ra4 55. Kxg4 Rxb4+ 56. Kg5 Kf3 57. f6 Rg4+ 58. Kf5 Rf4+ 59. Kg6 Ke4 60. f7 Rg4+ 61. Kh5 Rg2 62. f8=Q Rxh2+ 63. Kg6 Rg2+ 64. Kf7 Rf2+ 65. Ke8 Rxf8+ 66. Rxf8 1-0


[Site "https://www.chess.com"]

[Event "Titled Tuesday Blitz August 31 2021"]
[White "Manukyan, Sargis A."]
[Black "Starozhilov, Leonid"]
[WhiteFideId "13303970"]
[BlackFideId "14106752"]
[WhiteElo "2187"]
[BlackElo "2414"]
[Result "0-1"]
[Round "06"]
[TimeControl "180+1"]
[Date "2021.08.31"]
[WhiteClock "0:01:24"]
[BlackClock "0:00:31"]

1. d4 Nf6 2. c4 g6 3. Nc3 Bg7 4. Nf3 d6 5. h3 O-O 6. Bf4 Bf5 7. e3 c5 8. dxc5 Qa5 9. cxd6 Ne4 10. dxe7 Re8 11. Bd3 Nxc3 12. bxc3 Qxc3+ 13. Ke2 Bxd3+ 14. Qxd3 Qxd3+ 15. Kxd3 Bxa1 16. Rxa1 Rxe7 17. Ne5 f6 18. Ng4 Kg7 19. Bd6 Rd7 20. c5 Na6 21. Kc4 b6 22. Kb5 Nxc5 23. Bxc5 Rd5 24. Kb4 Rxc5 25. Rd1 Rf8 26. e4 Rf7 27. f3 a5+ 28. Kb3 Rfc7 29. Rd3 Rc1 30. Ne3 Rb1+ 31. Ka3 b5 32. Nd5 Rc4 33. Nb6 Rc3+ 34. Rxc3 b4+ 35. Ka4 bxc3 0-1


[Site "https://www.chess.com"]

[Event "Titled Tuesday Blitz August 31 2021"]
[White "Martin Carmona, Gaston Manuel"]
[Black "Florescu, Codrut-Constantin"]
[WhiteFideId "22284567"]
[BlackFideId "1202200"]
[WhiteElo "2161"]
[BlackElo "2243"]
[Result "1-0"]
[Round "06"]
[TimeControl "180+1"]
[Date "2021.08.31"]
[WhiteClock "0:00:13"]
[BlackClock "0:00:17"]

1. c4 e6 2. g3 d5 3. Bg2 Nf6 4. Nf3 Be7 5. d4 O-O 6. O-O c6 7. Qc2 Nbd7 8. Nbd2 b6 9. e4 Bb7 10. e5 Ne8 11. cxd5 exd5 12. Re1 Nc7 13. Nf1 Ne6 14. Ne3 Re8 15. Bd2 c5 16. Bc3 Rc8 17. Qd2 Bf8 18. dxc5 Ndxc5 19. Rad1 Ne4 20. Qd3 Nxc3 21. bxc3 Rc5 22. Nd4 Ra5 23. Qd2 Nxd4 24. cxd4 Ra4 25. Qe2 Bb4 26. Qc2 Ra3 27. Re2 Rc3 28. Qb2 a5 29. Rc2 Rxc2 30. Nxc2 Bf8 31. Rb1 Ba6 32. Qxb6 Qxb6 33. Rxb6 Bc4 34. a4 f6 35. f4 fxe5 36. fxe5 Be7 37. Ne3 Bg5 38. Bxd5+ Bxd5 39. Nxd5 Rd8 40. Rb5 h5 41. Kg2 Bd2 42. e6 Kh7 43. Kf3 Bb4 44. Ke4 Kg6 45. Nxb4 axb4 46. Rxb4 Kf6 47. d5 Ra8 48. Kd4 g5 49. Kc5 g4 50. Rf4+ Ke5 51. e7 Re8 52. d6 Ke6 53. Rf8 Kd7 54. Rxe8 Kxe8 55. Kc6 1-0


[Site "https://www.chess.com"]

[Event "Titled Tuesday Blitz August 31 2021"]
[White "Martinovsky, Ian"]
[Black "Tokhirjonova, Gulrukhbegim"]
[WhiteFideId "2603314"]
[BlackFideId "14203626"]
[WhiteElo "2231"]
[BlackElo "2236"]
[Result "1-0"]
[Round "06"]
[TimeControl "180+1"]
[Date "2021.08.31"]
[WhiteClock "0:00:35"]
[BlackClock "0:00:01"]

1. f4 d5 2. Nf3 c5 3. g3 Nc6 4. Bg2 g6 5. d3 Bg7 6. O-O Nf6 7. Nc3 O-O 8. Ne5 e6 9. Nxc6 bxc6 10. e4 Rb8 11. e5 Nd7 12. Rb1 f6 13. exf6 Bxf6 14. Bd2 e5 15. Na4 Qe7 16. Re1 Qd6 17. Qe2 Re8 18. Qf2 Ba6 19. Bh3 Bc8 20. b3 e4 21. dxe4 dxe4 22. Rbd1 Qe7 23. Be3 Qf7 24. Bf1 Kh8 25. Bc4 Qg7 26. Rd6 Nb6 27. Rxf6 Qxf6 28. Nxc5 Rd8 29. Nxe4 Qg7 30. Bd2 Nd5 31. Ng5 Bf5 32. Qc5 Re8 33. Bxd5 cxd5 34. Rxe8+ Rxe8 35. Bc3 h6 36. Bxg7+ Kxg7 37. Qd4+ Kg8 38. Nf3 Be4 39. Ne5 Bxc2 40. Qxd5+ Kh8 41. Qf7 Rg8 42. h4 h5 43. Qf6+ Kh7 44. Nf3 Rg7 45. Ng5+ Kh6 46. b4 Bf5 47. b5 Rc7 48. Nf7+ Kh7 49. Ng5+ Kg8 50. Qe5 Rc1+ 51. Kf2 Rc2+ 52. Ke3 Rc8 53. Qd5+ Kf8 54. Qd6+ Kg8 55. Qe7 1-0


[Site "https://www.chess.com"]

[Event "Titled Tuesday Blitz August 31 2021"]
[White "Mekhitarian, Krikor Sevag"]
[Black "Bazarov, Konstantin"]
[WhiteFideId "2107660"]
[BlackFideId "4137000"]
[WhiteElo "2598"]
[BlackElo "2122"]
[Result "0-1"]
[Round "06"]
[TimeControl "180+1"]
[Date "2021.08.31"]
[WhiteClock "0:00:02"]
[BlackClock "0:00:15"]

1. d4 d5 2. c4 c6 3. Nf3 Nf6 4. e3 a6 5. b3 Bg4 6. Nbd2 e6 7. Bd3 Nbd7 8. O-O Bd6 9. h3 Bh5 10. Qe2 Qe7 11. Bb2 O-O 12. e4 dxe4 13. Nxe4 Nxe4 14. Qxe4 Bg6 15. Qe2 Bxd3 16. Qxd3 Rad8 17. Rfe1 Rfe8 18. Re2 c5 19. Rae1 cxd4 20. Qxd4 Nf6 21. Qh4 Bb4 22. Rc1 Rd3 23. Ne5 Rd2 24. Rxd2 Bxd2 25. Rd1 Bb4 26. Ng4 Nxg4 27. Qxg4 f6 28. Qe4 Bc5 29. g3 Ba7 30. Kg2 Bb8 31. h4 Qf7 32. c5 Qc7 33. b4 h5 34. a3 e5 35. Rd6 Qf7 36. Rb6 Re7 37. c6 f5 38. Qf3 e4 39. Qd1 f4 40. Rxb7 Bc7 41. Qd4 fxg3 42. fxg3 Qf3+ 43. Kg1 Rf7 44. Rxc7 Qxg3+ 45. Kh1 Rf1+ 0-1


[Site "https://www.chess.com"]

[Event "Titled Tuesday Blitz August 31 2021"]
[White "Mezentsev, Ivan"]
[Black "Miszler, Levente"]
[WhiteFideId "13706195"]
[BlackFideId "763276"]
[WhiteElo "2295"]
[BlackElo "1967"]
[Result "1-0"]
[Round "06"]
[TimeControl "180+1"]
[Date "2021.08.31"]
[WhiteClock "0:01:58"]
[BlackClock "0:01:10"]

1. e4 e6 2. d3 d5 3. Nd2 Nf6 4. Ngf3 Be7 5. g3 O-O 6. Bg2 c5 7. O-O Nc6 8. Re1 b5 9. e5 Nd7 10. Nf1 Bb7 11. h4 Qc7 12. Bf4 Rfc8 13. N1h2 Qd8 14. h5 h6 15. Ng4 Bf8 16. Qd2 a5 17. Ngh2 a4 18. a3 b4 19. g4 bxa3 20. bxa3 d4 21. g5 hxg5 22. Bxg5 Be7 23. Ng4 Nf8 24. h6 Nh7 25. Bxe7 Qxe7 26. hxg7 Kxg7 27. Qh6+ Kg8 28. Ng5 Qxg5 29. Nf6+ Qxf6 30. exf6 1-0


[Site "https://www.chess.com"]

[Event "Titled Tuesday Blitz August 31 2021"]
[White "Mikhailovsky, Vladimir"]
[Black "Hansen, Eric"]
[WhiteFideId "34105414"]
[BlackFideId "2606771"]
[WhiteElo "2315"]
[BlackElo "2568"]
[Result "0-1"]
[Round "06"]
[TimeControl "180+1"]
[Date "2021.08.31"]
[WhiteClock "0:00:02"]
[BlackClock "0:00:03"]

1. e4 c5 2. Nf3 e6 3. g3 d6 4. Bg2 Nf6 5. Qe2 Nc6 6. O-O Be7 7. c3 e5 8. Rd1 O-O 9. d4 cxd4 10. cxd4 Bg4 11. dxe5 Nxe5 12. Nbd2 Re8 13. h3 Nxf3+ 14. Nxf3 Bh5 15. e5 Bf8 16. g4 Bg6 17. Qb5 Ne4 18. Qxb7 Qa5 19. exd6 Bxd6 20. Be3 Bc5 21. Nd4 Rab8 22. Qd5 Qb6 23. Qb3 Qf6 24. Qa4 h5 25. Rac1 Rec8 26. gxh5 Bh7 27. Nc6 Bxe3 28. Bxe4 Qxf2+ 29. Kh1 Bxc1 30. Rxc1 Kh8 31. Rg1 Rxb2 32. Rg2 Qf1+ 33. Kh2 Qf4+ 34. Kh1 Rxg2 35. Bxg2 Qxa4 0-1


[Site "https://www.chess.com"]

[Event "Titled Tuesday Blitz August 31 2021"]
[White "Milchev, Nikolay"]
[Black "Nguyen, Thien Ngan"]
[WhiteFideId "2906090"]
[BlackFideId "12414816"]
[WhiteElo "2449"]
[BlackElo "1917"]
[Result "1/2-1/2"]
[Round "06"]
[TimeControl "180+1"]
[Date "2021.08.31"]
[WhiteClock "0:00:27"]
[BlackClock "0:00:15"]

1. Nf3 d5 2. c4 e6 3. g3 Nf6 4. Bg2 c5 5. cxd5 exd5 6. d4 Nc6 7. O-O Be7 8. dxc5 Bxc5 9. a3 a6 10. b4 Be7 11. Nc3 O-O 12. Bb2 Re8 13. Rc1 Bf8 14. Qd3 g6 15. Rfd1 Bf5 16. Qd2 Bg7 17. e3 Be6 18. Ng5 Bg4 19. f3 Bc8 20. Na4 Qe7 21. Nh3 Bxh3 22. Bxh3 Qxe3+ 23. Qxe3 Rxe3 24. Kf2 Rae8 25. Rd2 R3e7 26. Nc5 a5 27. b5 Na7 28. a4 Nc8 29. Nxb7 Rxb7 30. Rxc8 Rxc8 31. Bxc8 Rc7 32. Ba6 Nd7 33. Bxg7 Kxg7 34. Rxd5 Nb6 35. Rd6 Nxa4 36. b6 Rc2+ 37. Ke3 Rb2 38. b7 Nc5 39. Bc4 Rxb7 40. Rd5 Rc7 41. Kd4 Ne6+ 42. Kd3 a4 43. Ra5 Nc5+ 44. Kd4 Nb7 45. Rxa4 Rd7+ 46. Bd5 Nd6 47. g4 Re7 48. Kc5 Ne8 49. g5 h6 50. f4 hxg5 51. fxg5 Nc7 52. Kd6 Nxd5 53. Kxd5 Re2 54. h4 Rd2+ 55. Ke5 Re2+ 56. Kf4 Rf2+ 57. Kg3 Rb2 58. Kg4 Rg2+ 59. Kh3 Rc2 60. Rb4 Rc3+ 61. Kg4 Rc1 62. Re4 Rg1+ 63. Kf4 Rf1+ 64. Ke5 Rh1 65. Kd6 Rd1+ 66. Ke7 Rh1 67. Rf4 Re1+ 68. Kd7 Rd1+ 69. Ke7 Re1+ 70. Kd6 Rd1+ 71. Ke5 Re1+ 72. Re4 Rh1 73. Rf4 Re1+ 74. Re4 Rh1 1/2-1/2


[Site "https://www.chess.com"]

[Event "Titled Tuesday Blitz August 31 2021"]
[White "Mirzoev, Azer"]
[Black "Romanchuk, Viktor"]
[WhiteFideId "13400304"]
[BlackFideId "14109271"]
[WhiteElo "2525"]
[BlackElo "2242"]
[Result "1-0"]
[Round "06"]
[TimeControl "180+1"]
[Date "2021.08.31"]
[WhiteClock "0:00:37"]
[BlackClock "0:00:03"]

1. d4 d5 2. Nf3 Nf6 3. Bf4 c5 4. e3 Nc6 5. c3 Qb6 6. Qb3 c4 7. Qc2 Bf5 8. Qc1 e6 9. Nbd2 Be7 10. Be2 O-O 11. O-O Rfc8 12. Ne5 Qd8 13. a4 Nxe5 14. Bxe5 b6 15. Bf3 a6 16. Bxf6 Bxf6 17. e4 Bg6 18. Re1 b5 19. g3 Rab8 20. h4 h6 21. axb5 axb5 22. exd5 exd5 23. Nf1 b4 24. Qf4 bxc3 25. bxc3 Rb3 26. Rec1 Bd3 27. Ne3 g5 28. Qg4 Rb5 29. Ra6 Rcb8 30. hxg5 Bxg5 31. Rxh6 Bg6 32. Rxg6+ fxg6 33. Kg2 Kg7 34. Re1 Bxe3 35. Rxe3 R8b7 36. Re6 g5 37. Qh5 Rf7 38. Rg6+ Kf8 39. Qh8+ Ke7 40. Qe5+ Kf8 41. Rh6 1-0


[Site "https://www.chess.com"]

[Event "Titled Tuesday Blitz August 31 2021"]
[White "Mokshanov, Alexey"]
[Black "Chen, Max"]
[WhiteFideId "24121657"]
[BlackFideId "2622440"]
[WhiteElo "2262"]
[BlackElo "2472"]
[Result "1-0"]
[Round "06"]
[TimeControl "180+1"]
[Date "2021.08.31"]
[WhiteClock "0:01:50"]
[BlackClock "0:01:06"]

1. e4 c5 2. Nf3 d6 3. Bb5+ Nd7 4. c4 a6 5. Ba4 Nf6 6. O-O Nxe4 7. Re1 Nf6 8. d4 e6 9. d5 b5 10. dxe6 bxa4 11. exd7+ Kxd7 12. Ne5+ Kc7 13. Nxf7 Qd7 14. Nxh8 g6 15. Qf3 Bg7 16. Qxa8 Bb7 17. Qa7 Bxh8 18. Nc3 Qg4 19. Re7+ 1-0


[Site "https://www.chess.com"]

[Event "Titled Tuesday Blitz August 31 2021"]
[White "Molina, Roberto Junio Brito"]
[Black "Valle Maytin, Luis Enrique"]
[WhiteFideId "2109450"]
[BlackFideId "3503666"]
[WhiteElo "2402"]
[BlackElo "2235"]
[Result "1-0"]
[Round "06"]
[TimeControl "180+1"]
[Date "2021.08.31"]
[WhiteClock "0:00:10"]
[BlackClock "0:00:02"]

1. d4 Nf6 2. c4 g6 3. Nc3 Bg7 4. e4 d6 5. Nf3 O-O 6. Be2 Nc6 7. d5 Nb8 8. O-O e5 9. b4 a5 10. bxa5 Rxa5 11. Nd2 b6 12. Nb3 Ra8 13. a4 Nbd7 14. a5 bxa5 15. Nxa5 Nb6 16. Be3 Bd7 17. c5 dxc5 18. Bxc5 Re8 19. Qc2 Bf8 20. Nb7 Qc8 21. Bxf8 Kxf8 22. Nc5 Qd8 23. Bb5 Bxb5 24. Nxb5 Qe7 25. Nxc7 Rxa1 26. Rxa1 Rc8 27. N5a6 Ne8 28. Qb3 Nxc7 29. Qxb6 Nxa6 30. Qxa6 Qc7 31. g3 Qc5 32. Qf6 Re8 33. Ra6 Qc1+ 34. Kg2 Kg8 35. Rc6 Qb2 36. Rc7 Rf8 37. Rc4 Qd2 38. Qf3 Qd3 39. Qxd3 Rd8 40. Qc3 Ra8 41. Qxe5 f6 42. Qxf6 Rf8 43. Qxf8+ Kxf8 44. Rc7 1-0


[Site "https://www.chess.com"]

[Event "Titled Tuesday Blitz August 31 2021"]
[White "Moroni, Luca Jr"]
[Black "Shahade, Gregory"]
[WhiteFideId "865834"]
[BlackFideId "2009064"]
[WhiteElo "2491"]
[BlackElo "2665"]
[Result "1/2-1/2"]
[Round "06"]
[TimeControl "180+1"]
[Date "2021.08.31"]
[WhiteClock "0:00:05"]
[BlackClock "0:00:07"]

1. d4 Nf6 2. c4 g6 3. Nc3 d5 4. cxd5 Nxd5 5. e4 Nxc3 6. bxc3 Bg7 7. Bb5+ c6 8. Ba4 b5 9. Bb3 O-O 10. Nf3 a5 11. a3 a4 12. Ba2 c5 13. O-O Bg4 14. Be3 Nc6 15. Bd5 Qc7 16. Rb1 e6 17. Bxc6 Qxc6 18. h3 Bxf3 19. Qxf3 Rfd8 20. Rfd1 cxd4 21. cxd4 Qc3 22. d5 exd5 23. exd5 Qxa3 24. Rxb5 Qd6 25. Rb7 Qf6 26. Qe4 Qe5 27. Qc4 Qc3 28. Qf4 Qf6 29. Qc7 Rdc8 30. Qd7 Rd8 31. Qc7 Qf5 32. d6 a3 33. Ra7 a2 34. Rxa2 Rac8 35. Qb7 Bf8 36. Rad2 Rb8 37. Qd5 Qxd5 38. Rxd5 Rd7 39. Bg5 f5 40. Bf4 Kf7 41. R5d2 Rbd8 42. g3 Ke6 43. Re2+ Kf7 44. Red2 h6 45. h4 Ke6 46. Kg2 Kf6 47. Rd5 g5 48. hxg5+ hxg5 49. Bc1 Rxd6 50. Rxd6+ Rxd6 51. Bb2+ Kg6 52. Rxd6+ Bxd6 53. f3 g4 54. fxg4 fxg4 55. Bc1 Bxg3 56. Kxg3 Kf5 57. Ba3 Ke4 58. Kxg4 1/2-1/2


[Site "https://www.chess.com"]

[Event "Titled Tuesday Blitz August 31 2021"]
[White "Mortazavi, Ali"]
[Black "Eswaran, Ashritha"]
[WhiteFideId "401323"]
[BlackFideId "2080788"]
[WhiteElo "2339"]
[BlackElo "2442"]
[Result "0-1"]
[Round "06"]
[TimeControl "180+1"]
[Date "2021.08.31"]
[WhiteClock "0:00:02"]
[BlackClock "0:01:08"]

1. Nf3 Nf6 2. g3 e6 3. Bg2 d5 4. O-O Be7 5. d3 O-O 6. Nbd2 c5 7. e4 Nc6 8. Re1 b6 9. e5 Nd7 10. Nf1 a5 11. Bf4 b5 12. h4 b4 13. N1h2 a4 14. a3 bxa3 15. bxa3 Ba6 16. Ng4 Rb8 17. Ng5 Qe8 18. c4 Nb6 19. cxd5 Nxd5 20. Bxd5 exd5 21. e6 f6 22. Nf7 Rb3 23. Re3 Rxf7 24. exf7+ Qxf7 25. Rb1 Nd4 26. Qe1 Nc2 27. Rxe7 Nxe1 28. Rbxe1 Rxd3 29. Bd6 Qh5 30. Ra7 h6 31. Ra8+ Kh7 32. Nxf6+ gxf6 33. Re7+ Kg6 34. Rg8+ Kf5 35. g4+ Qxg4+ 36. Rxg4 Kxg4 37. Bxc5 Rd1+ 38. Kh2 Bd3 39. Rf7 Be4 40. Rg7+ Kf5 0-1


[Site "https://www.chess.com"]

[Event "Titled Tuesday Blitz August 31 2021"]
[White "Nasuta, Grzegorz"]
[Black "Kuzubov, Yuriy"]
[WhiteFideId "1141686"]
[BlackFideId "14112906"]
[WhiteElo "2320"]
[BlackElo "2564"]
[Result "1/2-1/2"]
[Round "06"]
[TimeControl "180+1"]
[Date "2021.08.31"]
[WhiteClock "0:00:03"]
[BlackClock "0:00:17"]

1. e4 e5 2. Nf3 Nf6 3. Nc3 Nc6 4. Bb5 Nd4 5. Bc4 Nxf3+ 6. Qxf3 d6 7. d3 c6 8. h3 Be7 9. Be3 O-O 10. O-O Be6 11. Bxe6 fxe6 12. Qe2 Qe8 13. f4 exf4 14. Rxf4 Nd7 15. Rxf8+ Nxf8 16. Rf1 e5 17. a4 Ne6 18. Qg4 Qd7 19. Ne2 Nc5 20. Bxc5 Qxg4 21. hxg4 dxc5 22. Rf5 Bd6 23. Nc3 g6 24. Rf6 Be7 25. Rf1 Rd8 26. b3 b6 27. Kf2 a6 28. Ke2 Kg7 29. Nd1 Rf8 30. Rxf8 Bxf8 31. Ne3 b5 32. g5 Kf7 33. Ng4 Ke6 34. Nh2 Kd6 35. Nf3 Be7 36. c4 bxa4 37. bxa4 Bd8 38. Kd2 Ba5+ 39. Kc2 Ke6 40. Kb3 Bc7 41. Kc2 Kf7 42. Kb3 Kg7 43. g4 h6 44. gxh6+ Kxh6 45. Kc2 Bb8 46. Kb3 Bc7 47. Kc2 Kg7 48. Kd2 Kf6 49. Kc2 Ba5 50. Kb3 Bb4 51. Kc2 Ba3 52. Kb3 Bc1 53. Kc2 Be3 54. Kb3 Ke6 55. Kc2 Bf4 56. Kb3 Kd6 57. Kc2 Kc7 58. Nh4 g5 59. Nf5 Kb6 60. Kb3 Kc7 61. Ng7 Kd7 62. Kc2 Ke7 63. Nf5+ Kd7 64. Kb3 Kc8 65. Kc2 Kb7 66. Kb3 Kb6 67. Nd6 Ka5 68. Nb7+ Kb6 69. Nd6 Bg3 70. Nf5 Bh2 71. Ng7 Bf4 72. Ne6 Be3 73. Kc2 Ka5 74. Kb3 Kb6 75. Ka2 Bf4 76. Ka3 Bc1+ 77. Kb3 Be3 1/2-1/2


[Site "https://www.chess.com"]

[Event "Titled Tuesday Blitz August 31 2021"]
[White "Nefedov, Sergey"]
[Black "Costachi, Mihnea"]
[WhiteFideId "24113417"]
[BlackFideId "1217518"]
[WhiteElo "2380"]
[BlackElo "2482"]
[Result "0-1"]
[Round "06"]
[TimeControl "180+1"]
[Date "2021.08.31"]
[WhiteClock "0:00:22"]
[BlackClock "0:01:58"]

1. d4 Nf6 2. Nf3 g6 3. c4 Bg7 4. Nc3 O-O 5. Bg5 d6 6. Qd2 c5 7. d5 a6 8. Bh6 b5 9. cxb5 axb5 10. Bxg7 Kxg7 11. Nxb5 Ba6 12. Nc3 Nbd7 13. e4 Bxf1 14. Kxf1 Qa5 15. g3 Qb4 16. Re1 Rfb8 17. Re2 Nb6 18. e5 Ng4 19. Qf4 Qxf4 20. gxf4 Na4 21. Nd1 Rb4 22. b3 Rxf4 23. exd6 exd6 24. Nd2 Nb6 25. h3 Ne5 26. Ne3 Rxa2 27. Kg2 Rd4 28. Rd1 Nxd5 29. Nxd5 Rxd5 30. f4 Nd3 31. Kf3 Nb4 32. Rf2 Rd3+ 33. Ke4 Rxh3 34. f5 f6 35. Rg1 g5 36. Rf3 d5+ 37. Ke3 Rxd2 38. Rxh3 Rd3+ 39. Ke2 Rxh3 0-1


[Site "https://www.chess.com"]

[Event "Titled Tuesday Blitz August 31 2021"]
[White "Nilsen, Tobias Lang"]
[Black "Real De Azua, Ernesto"]
[WhiteFideId "1521624"]
[BlackFideId "108154"]
[WhiteElo "1975"]
[BlackElo "2476"]
[Result "1-0"]
[Round "06"]
[TimeControl "180+1"]
[Date "2021.08.31"]
[WhiteClock "0:00:14"]
[BlackClock "0:00:07"]

1. e4 c5 2. Nf3 d6 3. d4 cxd4 4. Qxd4 Nf6 5. Nc3 Nc6 6. Bb5 Bd7 7. Bxc6 Bxc6 8. Bg5 e6 9. O-O-O Be7 10. Qd3 Qa5 11. h4 O-O 12. Nd4 Rfc8 13. f4 Be8 14. g4 a6 15. Bxf6 Bxf6 16. g5 Be7 17. f5 Qe5 18. Rhg1 b5 19. f6 Bf8 20. g6 hxg6 21. h5 b4 22. Nce2 gxf6 23. hxg6 fxg6 24. Qh3 Bf7 25. Qg4 Bg7 26. Nf4 f5 27. exf5 exf5 28. Qf3 Qe4 29. Qxe4 fxe4 30. Nxg6 Bxd4 31. Rxd4 Bxg6 32. Rxg6+ Kf7 33. Rgxd6 Re8 34. Rd7+ Kf6 35. Rxb4 e3 36. Rd1 Rac8 37. Re1 Kf5 38. Rb7 Re4 39. Rf7+ Kg4 40. c3 Rc5 41. Rg1+ Kh3 42. Rh7+ Rh4 43. Rh1+ Kg2 44. R7xh4 e2 45. R4h2+ Kf3 46. Re1 Re5 47. Rhxe2 Rxe2 48. Rxe2 Kxe2 49. Kc2 Ke3 50. c4 Kd4 51. b3 a5 52. Kb2 Kd3 53. Ka3 1-0


[Site "https://www.chess.com"]

[Event "Titled Tuesday Blitz August 31 2021"]
[White "Ovchinnikov, Vsevolod"]
[Black "Samsonkin, Artiom"]
[WhiteFideId "24176842"]
[BlackFideId "13503111"]
[WhiteElo "2376"]
[BlackElo "2513"]
[Result "0-1"]
[Round "06"]
[TimeControl "180+1"]
[Date "2021.08.31"]
[WhiteClock "0:00:01"]
[BlackClock "0:00:12"]

1. d4 Nf6 2. c4 e6 3. g3 Bb4+ 4. Bd2 Qe7 5. Bg2 Nc6 6. d5 Ne5 7. Qb3 a5 8. a3 Bxd2+ 9. Nxd2 O-O 10. Ngf3 exd5 11. cxd5 Re8 12. Nxe5 Qxe5 13. e3 a4 14. Qa2 b6 15. Nc4 Qf5 16. Qb1 Qh5 17. Qd1 Qh6 18. Qd4 d6 19. h3 Bf5 20. g4 Be4 21. f3 Bxd5 22. e4 Bxc4 23. Qxc4 d5 24. Qe2 dxe4 25. fxe4 Nxe4 26. Bxe4 Qf4 27. Bxa8 Qg3+ 28. Kd2 Rxe2+ 29. Kxe2 Qe5+ 30. Kf2 Qxb2+ 31. Kg3 Qc3+ 32. Bf3 h5 33. gxh5 Qe5+ 34. Kg2 c5 35. Rhe1 Qb2+ 36. Kg3 Kh7 37. Be4+ Kh6 38. Bf3 Qd4 39. Rad1 Qc3 40. Ra1 b5 41. Kf2 b4 42. axb4 cxb4 43. Rec1 Qd2+ 44. Be2 b3 45. Rcb1 Qd4+ 46. Kf1 Qf4+ 47. Ke1 Qg3+ 48. Kd2 Qf4+ 49. Ke1 Qe4 50. Kd1 Qd4+ 51. Ke1 a3 52. Rxa3 Qb4+ 53. Kf1 Qxa3 54. Bd1 b2 55. Bc2 Qf3+ 56. Ke1 Qe3+ 57. Kd1 Qg1+ 58. Kd2 Qg2+ 59. Kc3 Qxh3+ 60. Bd3 Qh2 61. Rxb2 Qe5+ 62. Kc2 f5 63. Rb5 Qc7+ 64. Kd1 f4 65. Ke2 Qe7+ 66. Kd1 Qe3 67. Kc2 f3 68. Rf5 f2 69. Kc3 Qe1+ 70. Kd4 Qd2 71. Kc4 Qc1+ 72. Kd4 Qg1 73. Kc4 g5 74. hxg6 Qg4+ 75. Kc3 f1=Q 0-1


[Site "https://www.chess.com"]

[Event "Titled Tuesday Blitz August 31 2021"]
[White "Ovezdurdyyeva, Jemal"]
[Black "Quispe Arteaga, Gabriel"]
[WhiteFideId "14001888"]
[BlackFideId "32059809"]
[WhiteElo "1946"]
[BlackElo "2172"]
[Result "1-0"]
[Round "06"]
[TimeControl "180+1"]
[Date "2021.08.31"]
[WhiteClock "0:00:23"]
[BlackClock "0:00:07"]

1. e4 c5 2. c3 d5 3. exd5 Qxd5 4. d4 Nf6 5. Nf3 Bg4 6. Be2 e6 7. O-O Nc6 8. Be3 cxd4 9. cxd4 Be7 10. Nc3 Qd6 11. h3 Bh5 12. Qb3 O-O 13. Rfd1 Rfd8 14. a3 a6 15. Rac1 b5 16. d5 exd5 17. g4 Bg6 18. g5 Ne8 19. Nxd5 Bf8 20. Nf6+ gxf6 21. Rxd6 Rxd6 22. Bf4 Re6 23. Bf1 Rd8 24. Rd1 Na5 25. Qxe6 fxe6 26. Rxd8 Nc6 27. Rc8 Ne7 28. Rd8 Nd5 29. Bg3 Be7 30. Ra8 Kf7 31. gxf6 Bxf6 32. Rxa6 Be4 33. Ne5+ Bxe5 34. Bxe5 Kg6 35. Bg2 Bxg2 36. Kxg2 Kf5 37. Bg3 Nef6 38. a4 b4 39. Ra8 Ne4 40. a5 Nc5 41. Rb8 Nd3 42. a6 e5 43. a7 Nc7 44. Rc8 1-0


[Site "https://www.chess.com"]

[Event "Titled Tuesday Blitz August 31 2021"]
[White "Pajeken, Jakob Leon"]
[Black "Arabidze, Meri"]
[WhiteFideId "12942839"]
[BlackFideId "13604040"]
[WhiteElo "2231"]
[BlackElo "2432"]
[Result "0-1"]
[Round "06"]
[TimeControl "180+1"]
[Date "2021.08.31"]
[WhiteClock "0:00:03"]
[BlackClock "0:00:11"]

1. d4 d5 2. c4 dxc4 3. Nf3 Nf6 4. e3 Bg4 5. Bxc4 e6 6. h3 Bh5 7. Nc3 Nbd7 8. a3 a6 9. O-O b5 10. Be2 Bd6 11. e4 Bxf3 12. Bxf3 e5 13. Bg5 h6 14. Bh4 g5 15. Bg3 O-O 16. d5 Re8 17. Bg4 Nf8 18. Bf5 Kg7 19. h4 Ng6 20. hxg5 hxg5 21. Qd2 Nf4 22. Bh2 Nd7 23. g3 Ng6 24. Nd1 Rh8 25. Ne3 Nf6 26. Rac1 Qg8 27. f3 Qh7 28. Ng4 Nxg4 29. fxg4 Qh3 30. Rc2 Rh6 31. Rf2 Rah8 32. Rg2 Ne7 33. Qxg5+ Kf8 34. Bd7 Rg6 35. Qe3 Ng8 36. Rcf2 Nf6 37. Bf5 Nxg4 38. Qf3 Rg7 39. Bc8 Bc5 40. Qc3 Bxf2+ 41. Rxf2 Nxf2 42. Bxh3 Nxh3+ 43. Kf1 Ng5 44. Bg1 Nxe4 45. Qb4+ Nd6 46. Bc5 Rh6 47. Qc3 Rg5 48. Be3 Rf5+ 49. Kg2 Rhf6 50. Qxc7 Kg7 51. Bc5 Ne4 52. d6 Nxc5 53. Qxc5 e4 54. Qd4 Rf2+ 55. Qxf2 Rxf2+ 56. Kxf2 Kf6 57. Ke3 Ke6 58. Kxe4 Kxd6 59. Kf5 Ke7 60. b4 f6 61. Kg6 Ke6 62. g4 Ke7 63. Kf5 Kf7 64. Kf4 Kg6 0-1


[Site "https://www.chess.com"]